 Dungeon Crawl Stone Soup version 0.30-a0-939-gc8157cb160 (webtiles) character file.

Game seed: 2102698650367494143

159 voltaire321 the Stinger (level 5, -20/34 HPs)
             Began as an Octopode Venom Mage on Mar 25, 2023.
             Demolished by Robin
             ... wielding a +2 mace of distortion
              (22 damage)
             ... on level 3 of the Dungeon.
             The game lasted 00:06:39 (2451 turns).

voltaire321 the Stinger (Octopode Venom Mage)       Turns: 2451, Time: 00:06:39

Health: -20/34     AC:  1    Str:  7    XL:     5   Next: 40%
Magic:  9/9        EV: 18    Int: 19    God:
Gold:   93         SH:  0    Dex: 13    Spells: 6/9 levels left

rFire   . . .      SeeInvis .    j - +1 spear (vamp)
rCold   . . .      Faith    .    (no shield)
rNeg    + . .      Spirit   .    (helmet restricted)
rPois   .          Reflect  .    (no amulet)
rElec   .          Rampage  .    d - +5 ring of evasion
rCorr   .                        k - ring of positive energy
Will    .....                    (no ring)
Stlth   +++                      (no ring)
HPRegen 0.25/turn                (no ring)
MPRegen 0.11/turn                (no ring)
                                 (no ring)
                                 (no ring)

@: no status effects
A: almost no armour, amphibious, 8 rings, camouflage 1, gelatinous body 1,
(nimble swimmer 1), tentacles
a: no special abilities


You were on level 3 of the Dungeon.
You visited 1 branch of the dungeon, and saw 3 of its levels.

You collected 93 gold pieces.

Inventory:

Hand Weapons
 c - a +0 dagger
 j - a +1 vampiric spear (weapon)
Jewellery
 d - a +5 ring of evasion (left tentacle)
 k - a ring of positive energy (right tentacle)
Scrolls
 e - a scroll of amnesia {unknown}
 g - a scroll of blinking {unknown}
 h - 4 scrolls of identify {unknown}
 i - a scroll of magic mapping {unknown}
Potions
 a - a potion of magic
 b - a potion of curing {unknown}
 f - a potion of heal wounds {unknown}
 l - 2 potions of invisibility {unknown}
 m - a potion of berserk rage {unknown}


   Skills:
 + Level 1.8 Fighting
 + Level 2.9 Dodging
 - Level 2.6 Stealth
 + Level 2.8 Spellcasting
 + Level 2.3 Transmutations
 + Level 0.5 Air Magic
 + Level 4.4 Poison Magic


You had 6 spell levels left.
You knew the following spells:

 Your Spells              Type           Power      Damage    Failure   Level
a - Sting                 Tmut/Pois      60%        1d6       3%          1
b - Poisonous Vapours     Pois/Air       24%        N/A       9%          2

Your spell library contained the following spells:

 Spells                   Type           Power      Damage    Failure   Level
 Wereblood                Tmut           11%        N/A       9%          2
 Sublimation of Blood     Necr           2%         N/A       24%         2
 Mephitic Cloud           Conj/Pois/Air  9%         N/A       24%         3
 Olgreb's Toxic Radiance  Pois           19%        N/A       24%         4
 Ozocubu's Armour         Ice            2%         N/A       43%         3
 Portal Projectile        Hex/Tloc       4%         N/A       43%         3
 Tukima's Dance           Hex            2%         N/A       43%         3
 Blade Hands              Tmut           5%         N/A       86%         5
 Metabolic Englaciation   Hex/Ice        1%         N/A       99%         5
 Simulacrum               Ice/Necr       1%         N/A       100%        6
 Summon Hydra             Summ           1%         N/A       100%        7


Dungeon Overview and Level Annotations

Branches:
Dungeon (3/15)

Altars:

Shops:
D:1 (

Annotations:
D:3 Robin, Sigmund


Innate Abilities, Weirdness & Mutations

You cannot wear most types of armour.
You are amphibious.
You can wear up to eight rings at the same time.
Your skin changes colour to match your surroundings (Stealth+).
Your rubbery body absorbs attacks. (AC +1, EV +1)
((You are camouflaged when in or above water. (Stealth+)))
You have tentacles for arms and can constrict up to eight enemies at once.


Message History

You kill the goblin!
Robin throws the goblin at you! The goblin completely misses you.
The goblin shouts!
You hit the goblin.
You feel better.
You kill the goblin!
The goblin no longer looks unusually strong. x2
The hobgoblin closely misses you.
You hit the hobgoblin but do no damage. You grab the hobgoblin.
You squeeze the hobgoblin, but do no damage.
You constrict the hobgoblin.
Robin roars a battlecry!
The goblin goes into a battle-frenzy!
The hobgoblin barely misses you.
You hit the hobgoblin.
The hobgoblin is severely wounded.
You constrict the hobgoblin. The hobgoblin completely misses you.
You hit the hobgoblin.
You kill the hobgoblin!
You completely miss the goblin. You grab the goblin. You squeeze the goblin.
You kill the goblin!
Robin throws the goblin at you! The goblin barely misses you.
You closely miss the goblin. You grab the goblin. You constrict the goblin.
The goblin closely misses you.
You hit the goblin.
You feel better.
You kill the goblin!
Robin completely misses you.
You completely miss Robin. You grab Robin. You constrict Robin.
The hobgoblin no longer looks unusually strong.
Robin hits you with a +2 mace of distortion.
Space warps horribly around you!
Ouch! That really hurt!
* * * LOW HITPOINT WARNING * * *
You completely miss Robin.
Robin is lightly wounded.
You constrict Robin.
Robin hits you with a +2 mace of distortion!
* * * LOW HITPOINT WARNING * * *
Space warps horribly around you!!
Ouch! That really hurt!
You die...

#.g......# #.g......# .
########?.###### #.
#........##
..####.....g.##
...#......## ####
#.#......# .....
#######.[.....)###......
....†.........gg@)).....
########..#.######......
##.#.# ..... #>..# ....
#.### ... #.### .. #...#
. #...# #...#


You could see Robin and a hobgoblin.

Vanquished Creatures
  7 gnolls
  2 adders (D:2)
  2 worms (D:2)
  A dart slug (D:2)
  6 endoplasms
  13 goblins
  12 hobgoblins
  2 kobolds
  6 ball pythons
  6 bats
  7 frilled lizards
  5 rats
69 creatures vanquished.

Notes
Turn   | Place    | Note
-------+----------+-------------------------------------------
     0 | D:1      | voltaire321 the Octopode Venom Mage began the quest for the
                  | Orb.
     0 | D:1      | Reached XP level 1. HP: 11/11 MP: 3/3
   110 | D:1      | Reached XP level 2. HP: 14/18 MP: 0/5
   718 | D:1      | Found Oluokhlu's Weapon Emporium.
   977 | D:2      | Reached XP level 3. HP: 22/22 MP: 2/6
  1077 | D:2      | Reached skill level 4 in Poison Magic
  1083 | D:2      | Reached skill level 1 in Fighting
  1277 | D:2      | Reached XP level 4. HP: 28/28 MP: 5/7
  1834 | D:2      | Learned a level 2 spell: Poisonous Vapours
  2223 | D:3      | Reached XP level 5. HP: 34/34 MP: 7/9
  2329 | D:3      | Noticed Sigmund
  2411 | D:3      | Noticed Robin
  2451 | D:3      | Demolished by Robin

Illustrated notes

Levels and vault maps discovered:
D:1:      mrwooster_arrival_statue, layout_basic, serial_shops,
          nicolae_shop_bloodbath_and_beyond,
          hangedman_abyss_or_decor_lesser_grid
D:2:      cheibrodos_helix_gallery, layout_basic
D:3:      layout_basic, mainiacjoe_overflow_small_starburst,
          kennysheep_another_room, uniq_robin, uniq_sigmund, uniq_ijyb

Skill      XL: |  1  2  3  4 |
---------------+-------------+-----
Poison Magic   | 4 |  4.4
Fighting       | 1 |  1.8
Transmutations | 2 |  2.3
Dodging        | |  2.9
Stealth        | |  2.6
Spellcasting   | |  2.8
Air Magic      | |  0.5

Action                     |  1- 3 |  4- 6 || total
---------------------------+-------+-------++-------
  Melee: Unarmed           |    17 |       ||    17
         Constrict         |    10 |    17 ||    27
         Tentacles         |     9 |     8 ||    17
         Dagger            |    24 |     3 ||    27
         Spear             |       |    65 ||    65
   Cast: Sting             |    42 |    21 ||    63
   Stab: Sleeping          |       |     3 ||     3
         Distracted        |       |     1 ||     1
 Armour: Skin              |     4 |     5 ||     9
  Dodge: Dodged            |    33 |    64 ||    97

Table legend: (Time is in decaauts)
 A = Elapsed time spent in this place.
 B = Non-inter-level travel time spent in this place.
 C = Inter-level travel time spent in this place.
 D = Time resting spent in this place.
 E = Time spent auto-exploring this place.
 F = Levels seen in this place.
 G = Mean time per level.
                   A        B        C        D        E       F      G
               +--------+--------+--------+--------+--------+-----+--------+
         Total |   2453 |   2369 |     84 |    204 |   1567 |   3 |  817.7 |
       Dungeon |   2453 |   2369 |     84 |    204 |   1567 |   3 |  817.7 |
               +--------+--------+--------+--------+--------+-----+--------+

Top non-repeatable levels by time:
     D:2: 1227 daAuts
     D:1: 969 daAuts
     D:3: 256 daAuts
